 Dungeon Crawl Stone Soup version 0.27-a0-1281-ge233d83751 (console) character file.

Game seed: 15327609326097231867

18 Hector the Cutter (level 2, -1/18 HPs)
             Began as a Deep Elf Abyssal Knight on June 14, 2021.
             Was a Follower of Lugonu.
             Slain by a goblin (3 damage)
             ... on level 2 of the Dungeon.
             The game lasted 00:02:05 (1037 turns).

Hector the Cutter (Deep Elf Abyssal Knight)         Turns: 1037, Time: 00:02:05

Health: -1/18      AC:  7    Str:  9    XL:     2   Next: 51%
Magic:  5/5        EV: 12    Int: 16    God:    Lugonu [*.....]
Gold:   43         SH:  0    Dex: 14    Spells: 1/1 levels left

rFire    . . .     SeeInvis .   a - +1 short sword
rCold    . . .     Faith    .   (no shield)
rNeg     . . .     Spirit   .   i - +2 leather armour {Will+}
rPois    .         Reflect  .   (no helmet)
rElec    .         Harm     .   j - +0 cloak
rCorr    .         Rampage  .   l - +0 pair of gloves
Will     +....                  (no boots)
Stlth    ++........             (no amulet)
HPRegen  0.06/turn              (no ring)
MPRegen  0.09/turn              (no ring)

@: lethally poisoned (-1 -> -3), hasted, very quick
A: no striking features
a: Renounce Religion, Depart the Abyss


You were on level 2 of the Dungeon.
You worshipped Lugonu.
Lugonu was aware of your devotion.
You visited 1 branch of the dungeon, and saw 2 of its levels.
You visited the Abyss 1 time.

You collected 43 gold pieces.

Inventory:

Hand Weapons
 a - a +1 short sword (weapon)
 h - a +0 dagger
Missiles
 d - 19 stones
 e - 16 poisoned darts
 f - 7 atropa-tipped darts
Armour
 b - a +0 leather armour
 i - a +2 leather armour of willpower (worn)
 j - a +0 cloak (worn)
 l - a +0 pair of gloves (worn)
Scrolls
 k - a scroll of holy word {unknown}
Potions
 g - a potion of curing {unknown}


   Skills:
 - Level 2.4 Fighting
 * Level 2.7 Short Blades
 - Level 0.7 Armour
 - Level 2.4 Dodging
 * Level 1.8 Stealth
 - Level 2.0 Invocations


You had one spell level left.
You didn't know any spells.
Your spell library was empty.

Dungeon Overview and Level Annotations

Branches:
Dungeon (2/15)

Altars:

Shops:
D:2 (


Message History

The adder is lightly wounded.
The adder bites you but does no damage.
You closely miss the adder.
The adder is lightly wounded.
The adder bites you.
You closely miss the adder.
The adder is lightly wounded.
The adder closely misses you. The adder barely misses you.
You closely miss the adder.
The adder is lightly wounded.
The adder bites you.
You hit the adder.
The adder is heavily wounded.
The adder barely misses you.
You hit the adder but do no damage.
The adder is heavily wounded.
The adder barely misses you.
You hit the adder.
The adder is heavily wounded.
The adder bites you.
You are poisoned.
The adder poisons you! The adder bites you but does no damage.
You hit the adder.
The adder is almost dead.
You feel sick. The adder bites you but does no damage.
You closely miss the adder.
The adder is almost dead.
* * * LOW HITPOINT WARNING * * *
You feel sick. The adder bites you.
* * * LOW HITPOINT WARNING * * *
You hit the adder.
You kill the adder!
Lugonu accepts your kill.
* * * LOW HITPOINT WARNING * * *
You feel sick.
Unknown command.
It was a potion of haste.
You feel yourself speed up.
* * * LOW HITPOINT WARNING * * *
You feel sick. The goblin hits you with a +0 dagger.
You die...

#.# #.# #
#######.#### ##.# #
........... ..# #
........ ..# ##
.∩.8.# #.# #. #...#
#.# #.
#...########.####.
#.................
#@#.##.#####.#####
#g#..#..####.#
#.#......)...#
#....##♣'♣##...#
#..♣♣#.....#♣♣....
....♣÷#..8..#÷♣..#.
###.♣♣#.....#♣♣ ##
.♣ ###'###


P.P You could see a goblin.

Vanquished Creatures
  An adder (D:2)
  2 giant cockroaches
  3 goblins (D:1)
  A bat (D:2)
  2 rats
9 creatures vanquished.

Vanquished Creatures (others)
  8 toadstools (D:2)
8 creatures vanquished.

Grand Total: 17 creatures vanquished

Notes
Turn   | Place    | Note
-------+----------+-------------------------------------------
     0 | Abyss:1  | Hector the Deep Elf Abyssal Knight began the quest for the
                  | Orb.
     0 | Abyss:1  | Reached XP level 1. HP: 13/13 MP: 4/4
    19 | D:1      | Escaped the Abyss
   549 | D:1      | Reached skill level 1 in Stealth
   984 | D:2      | Reached XP level 2. HP: 18/18 MP: 5/5
  1018 | D:2      | Found Nutaup's Weapon Shoppe.
  1037 | D:2      | Slain by a goblin

Illustrated notes

Levels and vault maps discovered:
D:1:      psy_arrival_spokes, layout_loops_ring
D:2:      cheibrodos_fertilizer, layout_loops_ring,
          dilly_ecumenical_altar_fadedgnrine, serial_shops, shop,
          nicolae_shop_behind_doors, shop_statue, basic_altar, minmay_rat_hole

Skill      XL: |  1 |
---------------+----+-----
Stealth        | 1 |  1.8
Fighting       | |  2.4
Short Blades   | |  2.7
Armour         | |  0.7
Dodging        | |  2.4
Invocations    | |  2.0

Action                   || total
-------------------------++-------
Melee: Short sword       ||    47
  Use: Potion            ||     1
 Stab: Distracted        ||     1
Armor: Leather armour    ||    11
Dodge: Dodged            ||    28

Table legend: (Time is in decaauts)
 A = Elapsed time spent in this place.
 B = Non-inter-level travel time spent in this place.
 C = Inter-level travel time spent in this place.
 D = Time resting spent in this place.
 E = Time spent auto-exploring this place.
 F = Levels seen in this place.
 G = Mean time per level.
                   A        B        C        D        E       F      G
               +--------+--------+--------+--------+--------+-----+--------+
         Total |   1036 |    977 |     59 |      0 |    795 |   3 |  345.3 |
       Dungeon |   1017 |    958 |     59 |      0 |    790 |   2 |  508.5 |
         Abyss |     19 |     19 |      0 |      0 |      5 |   1 |   19.0 |
               +--------+--------+--------+--------+--------+-----+--------+

Top non-repeatable levels by time:
     D:1: 884 daAuts
     D:2: 133 daAuts
 Abyss:1: 19 daAuts
